 Dungeon Sprint DCSS version 0.30-a0-830-gfe289a77b0 (webtiles) character file.

Game seed: 5302351180521942753

267 dialectric the Protected (level 6, -3/44 HPs)
             Began as a Gargoyle Fighter on Feb 28, 2023.
             Slain by a neqoxec (9 damage)
             ... in the Dungeon (Sprint II: "The Violet Keep of Menkaure").
             The game lasted 00:00:33 (101 turns).

dialectric the Protected (Gargoyle Fighter)          Turns: 101, Time: 00:00:33

Health: -3/44      AC:  9    Str: 20    XL:     6   Next: 21%
Magic:  6/6        EV: 10    Int:  6    God:
Gold:   0          SH:  0    Dex: 11    Spells: 5/5 levels left

rFire   . . .      SeeInvis .    a - +0 flail
rCold   + . .      Faith    .    (no shield)
rNeg    + . .      Spirit   .    b - +0 scale mail
rPois   ∞          Reflect  .    (no helmet)
rElec   +          Harm     .    (no cloak)
rCorr   .          Rampage  .    (no gloves)
Will    .....      NoTele   +    (no boots) Stlth
                                 (no amulet)
HPRegen 0.27/turn                (no ring)
MPRegen 0.10/turn                (no ring)

@: mighty
A: sickness immunity, AC +4, negative energy resistance 1, electricity
resistance, torment resistance 1, petrification resistance, cold resistance 1,
deformed body, deterioration 2, dopey 1, screaming 1
a: no special abilities


You were in the Dungeon.
You visited 1 branch

Inventory:

Hand Weapons
 a - a +0 flail (weapon)
Armour
 b - a +0 scale mail (worn)
 c - a +0 buckler
Scrolls
 j - a scroll of blinking
Potions
 e - a potion of curing
 g - a potion of haste
 h - 2 potions of magic


   Skills:
 + Level 7.8 Fighting
 + Level 5.0 Maces & Flails
 + Level 8.3 Armour
 + Level 0.6 Dodging
 - Level 7.8 Shields


You had 5 spell levels left.
You didn't know any spells.
Your spell library was empty.

Dungeon Overview and Level Annotations

Branches:
Dungeon (1/1)

Altars:

Shops:
D ([:*(?*!=[:=!!

Annotations:
D exclusion: oklob plant


Innate Abilities, Weirdness & Mutations

You are immune to sickness and miasma.
Your stone body is resilient. (AC +4)
You are immune to poison.
You resist negative energy. (rN+)
You are resistant to electric shocks. (rElec)
You are resistant to unholy torment.
You are immune to petrification.
Your flesh is cold resistant. (rC+)
Armour fits poorly on your strangely shaped body.
Your body often deteriorates upon taking damage.
You are dopey. (Int -2)
You occasionally shout uncontrollably at your foes.


Message History

The neqoxec gestures at you.
Strange energies course through your body.
You feel stupid.
The water moccasin moves out of view.
Your unstable footing causes you to fumble your attack.
A water moccasin comes into view.
The neqoxec hits you. The neqoxec gestures at you.
Strange energies course through your body.
You feel resistant to cold. The neqoxec attacks as you move away!
The neqoxec hits you!
* * * LOW HITPOINT WARNING * * *
The water moccasin attacks as you move away!
The water moccasin bites you but does no damage.
Found 81 gold pieces.
The water moccasin hisses angrily.
The water moccasin bites you.
* * * LOW HITPOINT WARNING * * *
The neqoxec hits you.
* * * LOW HITPOINT WARNING * * *
The water moccasin bites you but does no damage.
Marking area around an oklob plant as unsafe for travelling.
There is an open door here.
You hit the neqoxec.
The neqoxec is severely wounded.
The neqoxec gestures at you.
Strange energies course through your body.
You feel the urge to shout. The neqoxec hits you.
* * * LOW HITPOINT WARNING * * *
The water moccasin bites you but does no damage.
You barely miss the neqoxec.
The neqoxec is severely wounded.
The water moccasin closely misses you. The neqoxec closely misses you.
The neqoxec barely misses you. The water moccasin bites you.
* * * LOW HITPOINT WARNING * * *
The neqoxec gestures at you.
Something tries to feed on your intellect!
The neqoxec hits you!
You die...

########~~#+++
########~~~...
....∩..#~~~~. ##
...∩.∩.#~~~~###
.## ..∩.∩..#~~~
#.##..# .∩.∩...#~~
###†#.#
⌠.∩....#S##.###†#
.∩.∩...#S#..###.##
..∩.∩..@3'$##'.<.+
...∩.∩.#3#.#.##.##
▓▓▓▓▓###s##.###+#
.s######~~### $s
##~~ P '#~ ?#~~ ##
~~


You could see an oklob plant, 2 neqoxecs, 2 water moccasins, 2 redbacks and a
scorpion.

Vanquished Creatures
  2 neqoxecs (D)
  3 worms (D)
5 creatures vanquished.

Notes
Turn   | Place    | Note
-------+----------+-------------------------------------------
     0 | D        | dialectric the Gargoyle Fighter began the quest for the
                  | Orb.
     0 | D        | Reached XP level 1. HP: 14/14 MP: 1/1
     8 | D        | Noticed a neqoxec
    19 | D        | Gained mutation: Armour fits poorly on your strangely
                  | shaped body. [a neqoxec]
    20 | D        | Gained mutation: Your body sometimes deteriorates upon
                  | taking damage. [a neqoxec]
    24 | D        | Killed a neqoxec
    25 | D        | Reached skill level 6 in Armour
    25 | D        | Reached XP level 2. HP: 7/23 MP: 2/2
    25 | D        | Reached XP level 3. HP: 8/28 MP: 3/3
    25 | D        | Reached XP level 4. HP: 9/32 MP: 4/4
    25 | D        | Reached XP level 5. HP: 11/37 MP: 5/5
    47 | D        | Noticed a neqoxec
    55 | D        | Gained mutation: Your muscles are strong. (Str +4, Int/Dex
                  | -1) [a neqoxec]
    60 | D        | Gained mutation: Your body often deteriorates upon taking
                  | damage. [a neqoxec]
    61 | D        | Killed a neqoxec
    62 | D        | Reached skill level 8 in Armour
    62 | D        | Reached XP level 6. HP: 28/44 MP: 6/6
    69 | D        | Reached skill level 5 in Maces & Flails
    86 | D        | Found Het Semn's Book Shoppe.
    86 | D        | Found Jasocepo's Distillery.
    86 | D        | Noticed a neqoxec
    86 | D        | Noticed a neqoxec
    87 | D        | Found Sasa's Jewellery Shoppe.
    87 | D        | Found Wulyq's Distillery.
    87 | D        | Found Rioqeppuf's General Store.
    87 | D        | Found Egiecan's Magic Scroll Emporium.
    87 | D        | Found Tuduff's Antique Armour Emporium.
    89 | D        | Lost mutation: Your muscles are strong. (Str +4, Int/Dex
                  | -1) [a neqoxec]
    96 | D        | Found Nokliyp's Antique Weapon Emporium.
    96 | D        | Found Bameuno's Distillery.
    96 | D        | Found Joumes's Jewellery Shoppe.
    96 | D        | Found Xypijit's Assorted Antiques.
    96 | D        | Found Zelyakerph's Book Emporium.
    97 | D        | Found Qyze's Antique Armour Shoppe.
    97 | D        | Found Quig's Antique Weapon Emporium.
    97 | D        | Noticed a water moccasin
    97 | D        | Noticed a redback
    97 | D        | Gained mutation: You are dopey. (Int -2) [a neqoxec]
    98 | D        | Noticed a water moccasin
    98 | D        | Gained mutation: Your flesh is cold resistant. (rC+) [a
                  | neqoxec]
    99 | D        | Noticed a redback
    99 | D        | Noticed an oklob plant
   100 | D        | Gained mutation: You occasionally shout uncontrollably at
                  | your foes. [a neqoxec]
   101 | D        | Slain by a neqoxec

Illustrated notes

Levels and vault maps discovered:
D:        the_violet_keep_of_menkaure [sprint2_stairs_cluster_1,
          sprint2_shoproom, sprint2_temple, sprint2_basic_supplies,
          sprint2_obstacle_4, sprint2_obstacle_6, sprint2_obstacle_7,
          sprint2_obstacle_1, sprint2_obstacle_3, sprint2_timed_cluster_1,
          sprint2_smallroom_cluster_1, sprint2_smallroom_final_cluster_1,
          sprint2_transparent_cluster_1, sprint2_second_timed_cluster_1,
          sprint2_sniper_area_1, sprint2_heavy_combat_area_1,
          sprint2_mutation_trap_area_1, sprint2_forest_area_1,
          sprint2_light_combat_area_1, sprint2_behind_water_1,
          sprint2_near_end_vault_1]

Skill      XL: |  1  2  3  4  5  6 |
---------------+-------------------+-----
Fighting       | 6 7 |  7.8
Maces & Flails | 4 5 |  5.0
Armour         | 6 8 |  8.3
Shields        | 6 7 |  7.8
Dodging        | |  0.6

Action                     |  1- 3 |  4- 6 || total
---------------------------+-------+-------++-------
  Melee: Flail             |    13 |    33 ||    46
    Use: Potion            |     1 |     2 ||     3
 Armour: Scale mail        |       |     9 ||     9
  Dodge: Dodged            |     3 |    18 ||    21

Table legend: (Time is in decaauts)
 A = Elapsed time spent in this place.
 B = Non-inter-level travel time spent in this place.
 C = Inter-level travel time spent in this place.
 D = Time resting spent in this place.
 E = Time spent auto-exploring this place.
 F = Levels seen in this place.
 G = Mean time per level.
                   A        B        C        D        E       F      G
               +--------+--------+--------+--------+--------+-----+--------+
         Total |    117 |    117 |      0 |     31 |      0 |   1 |  117.0 |
       Dungeon |    117 |    117 |      0 |     31 |      0 |   1 |  117.0 |
               +--------+--------+--------+--------+--------+-----+--------+

Top non-repeatable levels by time:
       D: 117 daAuts
